 Dungeon Crawl Stone Soup version 0.31-a0-1301-g7e11add784 (webtiles) character file.

Game seed: 17427052991161399433

13646 Nattfarinn the Fighter (level 12, -9/122 HPs)
             Began as a Naga Shapeshifter on Dec 19, 2023.
             Was an Elder of Cheibriados.
             Mangled by a minotaur
             ... wielding the +9 battleaxe "Luffisuu" {flame, MP+9 Str+3 Dex+3}
              (32 damage)
             ... in a Gauntlet.
             The game lasted 00:30:02 (13537 turns).

Nattfarinn the Fighter (Naga Shapeshifter)         Turns: 13537, Time: 00:30:03

Health: -9/122     AC:  7    Str: 37    XL:     12   Next: 8%
Magic:  16/16      EV: 14    Int: 19    God:    Cheibriados [****..]
Gold:   465        SH:  0    Dex: 26    Spells: 11/11 levels left

rFire   . . .        g - melded +1 dagger (protect)
rCold   . . .        (shield currently unavailable)
rNeg    . . .        b - melded +0 robe {rN+}
rPois   +            E - +2 helmet
rElec   .            (no cloak)
rCorr   .            (no gloves)
SInv    +            (no barding)
Will    +....        s - amulet of magic regeneration
Stlth   +            h - +6 ring of strength
HPRegen 0.40/turn    t - +6 ring of dexterity
MPRegen 0.55/turn

%: no teleportation
@: flux-form, attractive, glowing, studying Earth Magic, very slow
A: glow, contaminating, AC +4, large, see invisible, deformed body, poison
resistance, slowness 2, spit poison 1, naga tail 1
a: Spit Poison, Begin Untransformation, Renounce Religion, Bend Time, Temporal
Distortion, Slouch


You were in a Gauntlet.
You worshipped Cheibriados.
Cheibriados was greatly pleased with you.
You were something dangerously unstable.
You visited 2 branches of the dungeon, and saw 12 of its levels.
You also visited: Gauntlet.

You collected 517 gold pieces.
You spent 52 gold pieces at shops.

Inventory:

Hand Weapons
 g - a +1 dagger of protection (melded)
 w - a +0 whip of electrocution
Missiles
 D - 2 throwing nets
Armour
 a - a +0 animal skin
 b - a +0 robe of positive energy (melded)
 e - the +7 tower shield "Hero's Friend" {Str+4 Int+4}
   (You took it off a gnoll on level 9 of the Dungeon)

   Str+4:     It affects your strength (+4).
   Int+4:     It affects your intelligence (+4).
 E - a +2 helmet (worn)
Jewellery
 h - a +6 ring of strength (left hand)
 s - an amulet of magic regeneration (around neck)
 t - a +6 ring of dexterity (right hand)
 y - a ring of willpower
 C - a +6 ring of dexterity
 I - a ring of ice
 J - a ring of protection from fire
Talismans
 c - a beast talisman
 d - a flux talisman (active)
 u - a blade talisman
 L - a dragon-blood talisman
Wands
 x - a wand of charming (24)
Scrolls
 f - 5 scrolls of noise
 k - 2 scrolls of butterflies
 l - 5 scrolls of teleportation
 o - a scroll of torment
 p - 3 scrolls of amnesia
 r - 2 scrolls of fear
 B - a scroll of fog
Potions
 i - a potion of invisibility {unknown}
 j - a potion of heal wounds
 m - 4 potions of brilliance
 n - a potion of berserk rage {unknown}
 q - a potion of attraction
 v - a potion of haste {unknown}
 z - a potion of enlightenment {unknown}
 A - a potion of degeneration {unknown}
 G - a potion of magic {unknown}
 K - a potion of resistance {unknown}
Miscellaneous
 F - a phantom mirror


   Skills:
 - Level 11.9 Fighting
 - Level 1.5 Dodging
 - Level 2.3 Shields
 - Level 9.4 Unarmed Combat
 - Level 6.6 Invocations
 + Level 9.9 Shapeshifting


You had 11 spell levels left.
You didn't know any spells.
Your spell library contained the following spells:

 Spells                   Type           Power      Damage    Failure   Level
 Dazzling Flash           Conj/Hex       0%         N/A       52%         3
 Ozocubu's Armour         Ice            0%         N/A       52%         3
 Brom's Barrelling Bould  Conj/Erth      0%         2d3       90%         4
 Agony                    Necr           0%         N/A       99%         5
 Fireball                 Conj/Fire      0%         3d3       99%         5
 Iskenderun's Battlesphe  Conj           0%         2d6       99%         5
 Metabolic Englaciation   Hex/Ice        0%         N/A       99%         5
 Silence                  Hex/Air        0%         N/A       99%         5
 Conjure Ball Lightning   Conj/Air       0%         3x3d6     100%        6
 Simulacrum               Ice/Necr       0%         N/A       100%        6
 Orb of Destruction       Conj           0%         9d5       100%        7


Dungeon Overview and Level Annotations

Branches:
Dungeon (11/15)            Temple (1/1) D:7            Lair (0/5) D:10
Gauntlet (1/1)
    Orc: D:9-12

Altars:
Ashenzari
Cheibriados
Dithmenos
Elyvilon
Fedhas
Gozag
Hepliaklqana
Kikubaaqudgha
Makhleb
Nemelex Xobeh
Okawaru
Qazlal
Ru
Sif Muna
Trog
Uskayaw
Vehumet
Wu Jian
Xom
Yredelemnul
Zin
The Shining One

Shops:
D:5 [(=   D:7 *

Annotations:
Gauntlet 8 transporters, exclusion: obsidian statue


Innate Abilities, Weirdness & Mutations

You are something dangerously unstable.
You glow with magical radiation, making you easy to see and hit.
Foes you strike become dangerously contaminated with magical radiation.
You are incapable of wielding weapons or throwing items.
Your serpentine skin is tough. (AC +4)
You have supernaturally acute eyesight. (SInv)
Armour fits poorly on your strangely shaped body.
Your system is resistant to poisons. (rPois)
You cover ground very slowly.
You can spit poison.
You have a snake-like lower body.


Message History

You hit the minotaur.
The minotaur glows dangerously bright.
The minotaur is lightly wounded.
You completely miss the minotaur.
The minotaur is lightly wounded.
The minotaur hits you with the +9 battleaxe "Luffisuu" {flame, MP+9 Str+3 Dex+3}!!
* * * LOW HITPOINT WARNING * * *
The minotaur burns you.
* * * LOW HITPOINT WARNING * * *
The minotaur completely misses you.
You feel much better. The minotaur closely misses you. x2
You feel much better. The minotaur closely misses you. The minotaur gores you!
You barely miss the minotaur.
The minotaur furiously retaliates!
The minotaur headbutts you, but does no damage.
The minotaur is lightly wounded.
You have got your breath back.
The minotaur hits you with the +9 battleaxe "Luffisuu" {flame, MP+9 Str+3 Dex+3}.
The minotaur burns you. The minotaur gores you!
* * * LOW HITPOINT WARNING * * *
You feel much better.
The minotaur hits you with the +9 battleaxe "Luffisuu" {flame, MP+9 Str+3 Dex+3}!!
* * * LOW HITPOINT WARNING * * *
The minotaur burns you.
* * * LOW HITPOINT WARNING * * *
The minotaur gores you!
* * * LOW HITPOINT WARNING * * *
Okay, then.
As you read the scroll of fear, it crumbles to dust.
You assume a fearsome visage.
The minotaur looks frightened!
The minotaur is attracted toward you. The minotaur is attracted toward you.
As you read the scroll of fear, it crumbles to dust.
You assume a fearsome visage.
The minotaur looks frightened!
The minotaur is attracted toward you. The minotaur is attracted toward you.
Okay, then.
You hit the minotaur.
The minotaur begins to glow.
Your attack snaps the minotaur out of its fear.
The minotaur is lightly wounded.
The minotaur hits you with the +9 battleaxe "Luffisuu" {flame, MP+9 Str+3 Dex+3}!!
You die...

#..#........# #.#########.#
##.#....§..#.## #..#,**,*#.#..#
#.##,*8,8#§##.# #.#,,*,∩,#..#.#
#.#,**8,8##.#.# #.#,#######H#.#
#.#,#......p#.# #.#########.#.#
#.............# #######.#######
#.............# ##...©.©.©...##
########..8.8.8..################
≈#§#≈####.......####≈#≈#≈#≈#≈#≈#≈
......#≈#########≈#..............


You could see a minotaur (contam).

Vanquished Creatures
  A great orb of eyes (Gauntlet)
  A two-headed ogre (D:10)
  2 ugly things
  Joseph (D:8)
  Jeremiah (D:8)
  A kobold demonologist (D:7)
  3 komodo dragons (D:10)
  A troll (D:10)
  Psyche (D:8)
  Prince Ribbit (D:7)
  9 flying skulls (Gauntlet)
  Sigmund (D:3)
  A wraith (D:8)
  4 wyverns
  Grum (D:8)
  8 yaks
  2 steam dragons
  2 water moccasins
  5 orc warriors
  An ice beast (D:6)
  3 sky beasts
  3 black bears
  3 ogres
  4 wolves (D:8)
  8 centaurs
  2 phantoms
  5 kobold brigands
  2 gnoll sergeants
  6 bullfrogs
  2 scorpions
  8 wights
  4 howler monkeys
  2 hounds
  4 jellies
  6 orc priests
  6 iguanas
  A sleepcap (D:6)
  12 orc wizards
  10 adders
  25 gnolls
  A shadow imp (D:8)
  2 white imps
  2 ufetubi (D:5)
  2 worms (D:3)
  2 dart slugs (D:2)
  31 orcs
  7 ball pythons
  5 bats
  7 endoplasms
  7 giant cockroaches
  7 goblins
  7 hobgoblins
  4 jackals (D:1)
  A quokka (D:5)
  26 kobolds
  7 rats
281 creatures vanquished.

Notes
Turn   | Place    | Note
-------+----------+-------------------------------------------
     0 | D:1      | Nattfarinn the Naga Shapeshifter began the quest for the
                  | Orb.
     0 | D:1      | Reached XP level 1. HP: 18/18 MP: 1/1
   465 | D:1      | Reached XP level 2. HP: 23/25 MP: 2/2
  1219 | D:2      | Found a faded altar of an unknown god.
  1236 | D:2      | Reached XP level 3. HP: 13/31 MP: 3/3
  1649 | D:2      | Reached XP level 4. HP: 36/38 MP: 4/4
  2309 | D:3      | Noticed Sigmund
  2341 | D:3      | Killed Sigmund
  2342 | D:3      | Reached skill level 5 in Shapeshifting
  2342 | D:3      | Reached XP level 5. HP: 21/44 MP: 5/5
  2342 | D:3      | Reached XP level 6. HP: 25/51 MP: 6/6
  3450 | D:4      | Reached XP level 7. HP: 21/57 MP: 7/7
  4032 | D:5      | Entered Level 5 of the Dungeon
  4399 | D:5      | Found Kami's Antique Armour Shoppe.
  4437 | D:5      | Found Kousaaqi's Jewellery Shop.
  4624 | D:5      | Reached skill level 5 in Unarmed Combat
  5045 | D:5      | Reached XP level 8. HP: 51/64 MP: 8/8
  5356 | D:5      | Found Muhinn's Weapon Boutique.
  5496 | D:6      | Found a stormy altar of Qazlal.
  5496 | D:6      | Found an ancient bone altar of Kikubaaqudgha.
  5498 | D:6      | Found a bloodstained altar of Trog.
  5545 | D:6      | Found an opulent altar of Gozag.
  6090 | D:6      | Reached XP level 9. HP: 51/70 MP: 9/9
  6538 | D:7      | Reached skill level 2 in Fighting
  6543 | D:7      | Noticed a kobold demonologist
  6551 | D:7      | Killed a kobold demonologist
  6552 | D:7      | Reached skill level 4 in Fighting
  6718 | D:7      | Found Xujuank's Serpentskin Sales.
  6728 | D:7      | Reached skill level 5 in Fighting
  6744 | D:7      | Bought a scroll of poison for 52 gold pieces
  6783 | D:7      | Found a staircase to the Ecumenical Temple.
  6829 | Temple   | Entered the Ecumenical Temple
  6850 | Temple   | Became a worshipper of Cheibriados the Contemplative
  6926 | D:7      | Noticed Prince Ribbit
  6936 | D:7      | Killed Prince Ribbit
  6937 | D:7      | Reached skill level 6 in Fighting
  7143 | D:7      | Reached skill level 7 in Fighting
  7357 | D:7      | Reached XP level 10. HP: 88/94 MP: 10/10
  7430 | D:7      | Reached skill level 8 in Fighting
  7722 | D:8      | Reached * piety under Cheibriados
  7886 | D:8      | Noticed Jeremiah
  7894 | D:8      | Killed Jeremiah
  7895 | D:8      | Reached skill level 9 in Fighting
  8048 | D:8      | Noticed Joseph
  8062 | D:8      | Killed Joseph
  8357 | D:8      | Reached skill level 10 in Fighting
  8892 | D:8      | Noticed Psyche
  8896 | D:8      | Killed Psyche
  8897 | D:8      | Reached skill level 11 in Fighting
  8900 | D:8      | Reached ** piety under Cheibriados
  9102 | D:8      | Noticed Grum
  9115 | D:8      | Killed Grum
  9518 | D:8      | Reached XP level 11. HP: 63/114 MP: 11/11
  9892 | D:9      | Reached skill level 1 in Invocations
 10499 | D:9      | Identified the +7 tower shield "Hero's Friend" {Str+4
                  | Int+4}
 10533 | D:9      | Reached *** piety under Cheibriados
 10553 | D:9      | HP: 4/109 [steam dragon (4)]
 10553 | D:9      | HP: 1/109 [steam dragon (3)]
 10972 | D:9      | Reached skill level 5 in Invocations
 11115 | D:10     | Entered Level 10 of the Dungeon
 11341 | D:10     | Found a staircase to the Lair.
 11416 | D:10     | Noticed a two-headed ogre
 11426 | D:10     | Killed a two-headed ogre
 11827 | D:10     | Reached **** piety under Cheibriados
 12528 | D:11     | Noticed a cyan ugly thing
 12540 | D:11     | Killed a red ugly thing
 12672 | D:11     | Found a gate leading to a gauntlet.
 12679 | Gauntlet | Entered a Gauntlet
 12679 | Gauntlet | Noticed a glowing orange brain
 12679 | Gauntlet | Found a transporter.
 12684 | Gauntlet | Noticed a purple ugly thing
 12745 | Gauntlet | Noticed a glowing orange brain
 12783 | Gauntlet | Found a transporter.
 12785 | Gauntlet | Found a transporter.
 12786 | Gauntlet | Noticed an obsidian statue
 12788 | Gauntlet | Found a transporter.
 12790 | Gauntlet | Noticed a green death
 12793 | Gauntlet | Found a transporter.
 12795 | Gauntlet | Found a transporter.
 12795 | Gauntlet | Noticed a hell beast
 12802 | Gauntlet | Found a transporter.
 12805 | Gauntlet | Found a transporter.
 12816 | Gauntlet | Found a transporter.
 12835 | Gauntlet | Found a transporter.
 12840 | Gauntlet | Found a transporter.
 12840 | Gauntlet | Noticed a great orb of eyes
 12848 | Gauntlet | Found a transporter.
 12850 | Gauntlet | Noticed a purple ugly thing
 13069 | Gauntlet | Killed a great orb of eyes
 13079 | Gauntlet | Killed a purple ugly thing
 13401 | Gauntlet | Reached XP level 12. HP: 122/122 MP: 10/16
 13520 | Gauntlet | Identified the +9 battleaxe "Luffisuu" {flame, MP+9 Str+3
                  | Dex+3}
 13520 | Gauntlet | Noticed a minotaur
 13537 | Gauntlet | Mangled by a minotaur

Illustrated notes

Levels and vault maps discovered:
D:1:      wheals_arrival_linesprint, layout_basic, supply_closet_lemuel,
          minmay_misc_feat_chi
D:2:      layout_loops_ring, ebering_ecumenical_altar_sacrificial,
          minmay_box_of_dots
D:3:      layout_loops_ring, serial_bayou_pond_d, minmay_starry_boxes,
          uniq_sigmund
D:4:      layout_cave_pools, hex_tiny, minmay_misc_feat_roman
D:5:      layout_loops_ring, serial_shops, shop, shop, shop
D:6:      layout_cave_pools, nicolae_overflow_quartered_altars
D:7:      layout_rooms, minmay_temple_entry_glassed_door, guppyfry_shop_venom,
          uniq_prince_ribbit1
D:8:      minmay_clustersquares, layout_basic, minmay_manual_mares, uniq_joseph,
          uniq_jeremiah, uniq_psyche, uniq_grum
D:9:      layout_big_octagon, serial_column_ruins, column_ruins_square_medium,
          column_ruins_hut, column_ruins_open_small, column_ruins_grid_1,
          column_ruins_grid_2, column_ruins_open_tiny, column_ruins_open_tiny,
          column_ruins_corridor_straight, column_ruins_columns_corner
D:10:     layout_long_grid, grunt_lair_entry_orc_guard_hut
D:11:     layout_roguey [special_room_orc], erik_orc_1, gauntlet_entry_generic,
          kennysheep_crisscross, uniq_urug, uniq_fannar
Temple:   regret_index_temple_mists
Gauntlet: minmay_gauntlet_mixed_oops_all_seconds
          [minmay_gauntlet_arena_77_radiant_squares,
          gammafunk_gauntlet_arena_crates, minmay_gauntlet_arena_77_squiggly,
          gammafunk_gauntlet_arena_arrow_garden,
          minmay_gauntlet_arena_77_p_blocks, gammafunk_gauntlet_arena_hedges,
          dreamdust_gauntlet_exit_labyrinth]

Skill      XL: |  1  2  3  4  5  6  7  8  9 10 11 |
---------------+----------------------------------+-----
Unarmed Combat | 4 5 9 |  9.4
Shapeshifting  | 5 6 7 9 |  9.9
Fighting       | 7 11 | 11.9
Invocations    | 6 |  6.6
Shields        | 2 |  2.3
Dodging        | |  1.5

Action                     |  1- 3 |  4- 6 |  7- 9 | 10-12 || total
---------------------------+-------+-------+-------+-------++-------
  Melee: Dagger            |    73 |   148 |    44 |       ||   265
         Unarmed           |     2 |       |   277 |   428 ||   707
         Punch             |       |     6 |     2 |       ||     8
 Invoke: Slouch            |       |       |       |     1 ||     1
Ability: Spit Poison       |    24 |    31 |    16 |     1 ||    72
    Use: Potion            |       |     2 |       |    11 ||    13
         Scroll            |       |     6 |       |    14 ||    20
 Armour: Animal skin       |    62 |    21 |       |       ||    83
         Skin              |       |    17 |   140 |   337 ||   494
         Robe              |       |    82 |    29 |       ||   111
  Dodge: Dodged            |    45 |    75 |   200 |   352 ||   672
   Form: Flux              |       |       |     1 |       ||     1

Table legend: (Time is in decaauts)
 A = Elapsed time spent in this place.
 B = Non-inter-level travel time spent in this place.
 C = Inter-level travel time spent in this place.
 D = Time resting spent in this place.
 E = Time spent auto-exploring this place.
 F = Levels seen in this place.
 G = Mean time per level.
                   A        B        C        D        E       F      G
               +--------+--------+--------+--------+--------+-----+--------+
         Total |  17799 |  17111 |    688 |   2018 |  12205 |  13 | 1369.2 |
       Dungeon |  16377 |  15717 |    660 |   1871 |  11544 |  11 | 1488.8 |
        Temple |     67 |     39 |     28 |      0 |      0 |   1 |   67.0 |
      Gauntlet |   1355 |   1355 |      0 |    147 |    661 |   1 | 1355.0 |
               +--------+--------+--------+--------+--------+-----+--------+

Top non-repeatable levels by time:
     D:8: 3138 daAuts
    D:10: 2037 daAuts
     D:1: 1637 daAuts
     D:5: 1628 daAuts
     D:7: 1464 daAuts
Gauntlet: 1355 daAuts
     D:9: 1340 daAuts
     D:3: 1269 daAuts
     D:2: 1179 daAuts
     D:6: 1145 daAuts
     D:4: 1137 daAuts
    D:11: 400 daAuts
  Temple: 67 daAuts
